 Dungeon Crawl Stone Soup version 0.16.2-2-g470672f (webtiles) character file.

1405 talesvin the Shield-Bearer (level 8, -1/70 HPs)
             Began as a Minotaur Fighter on Sept 2, 2015.
             Slain by an orc warrior
             ... wielding a +0 dire flail
              (8 damage)
             ... on level 5 of the Dungeon on Sept 4, 2015.
             The game lasted 00:47:36 (4452 turns).

talesvin the Shield-Bearer (Minotaur Fighter)       Turns: 4452, Time: 00:47:36

Health: -1/70      AC: 18    Str: 25      XL:     8   Next: 42%
Magic:  3/3        EV:  7    Int:  5      God:
Gold:   208        SH: 11    Dex: 11 (13) Spells: 0 memorised, 7 levels left

rFire  + . .     SeeInvis .     a - +0 war axe
rCold  x . .     Clarity  .     G - +0 plate armour
rNeg   . . .     SustAb   .     c - +0 shield
rPois  .         Gourm    .     (helmet restricted)
rElec  .         Spirit   .     E - +0 cloak
rCorr  .         Warding  .     (no gloves)
rMut   .         Stasis   +     (no boots)
MR     .....                    s - amulet of stasis
Stlth  ..........               q - ring of fire
                                p - +5 ring of protection

@: mighty, not resistant to hostile enchantments, extremely unstealthy
A: retaliatory headbutt, horns 2
a: no special abilities


You were on level 5 of the Dungeon.
You were not hungry.

You visited 1 branch of the dungeon, and saw 6 of its levels.

You collected 208 gold pieces.

Inventory:

Hand weapons
 a - a +0 war axe (weapon)
 l - a +1 whip of freezing
 o - a +1 falchion of holy wrath
Missiles
 y - 5 poisoned javelins (quivered)
Armour
 c - a +0 shield (worn)
 E - a +0 cloak (worn)
 G - a +0 plate armour (worn)
Jewellery
 e - a cursed ring of loudness {unknown}
 f - an uncursed ring of flight
 i - a +4 ring of intelligence
 m - an uncursed ring of poison resistance {unknown}
 p - a +5 ring of protection (left hand)
 q - a ring of fire (right hand)
 s - an amulet of stasis (around neck)
 D - an uncursed ring of wizardry {unknown}
 I - an uncursed ring of sustain abilities {unknown}
Scrolls
 j - a scroll of enchant weapon {unknown}
 k - a scroll of remove curse
 w - a scroll of blinking {unknown}
 A - a scroll of immolation {unknown}
 F - a scroll of teleportation
 H - a scroll of random uselessness {unknown}
Potions
 h - 2 potions of agility
 n - a potion of brilliance {unknown}
 u - a potion of degeneration
 z - a potion of mutation {unknown}
 B - a potion of might
 C - a potion of curing
Books
 b - a book of Necromancy

   Spells                             Type                      Level
   a - Pain                           Necromancy                   1
   b - Animate Skeleton               Necromancy                   1
   c - Vampiric Draining              Necromancy                   3
   d - Regeneration                   Charms/Necromancy            3
   e - Animate Dead                   Necromancy                   4
   f - Control Undead                 Necromancy                   4
Comestibles
 d - 3 bread rations
 g - 3 fruits
 r - 3 beef jerkies


   Skills:
 + Level 6.1 Fighting
 * Level 6.8 Axes
 + Level 1.6 Throwing
 + Level 5.8 Armour
 + Level 3.7 Dodging
 + Level 7.5 Shields


You had 7 spell levels left.
You didn't know any spells.

Dungeon Overview and Level Annotations

Branches:
Dungeon (6/15)
 Temple: D:4-7

Altars:
Qazlal
Vehumet


Innate Abilities, Weirdness & Mutations

You reflexively headbutt those who attack you in melee.
You have a pair of horns on your head.


Message History

* * * LOW HITPOINT WARNING * * *
You open the door.
The worker ant bites you but does no damage.
You block the worker ant's attack.
There is an open door here.
You hit the worker ant. You headbutt the worker ant!
You kill the worker ant!
You closely miss the orc warrior.
The orc warrior is almost dead.
You block the orc warrior's attack.
Your shield and plate armour prevent you from hitting the orc warrior.
Your headbutt misses the orc warrior.
The orc warrior is almost dead.
The orc warrior hits you with a dire flail.
* * * LOW HITPOINT WARNING * * *
You closely miss the orc warrior.
You headbutt the orc warrior, but do no damage.
The orc warrior is almost dead.
The orc warrior hits you with a dire flail!
You die...

..'.......+......+........#
.##.......#......#....##..#
.##...##+## ... #....###'#
.##...# +........# .+....#
#....##..# .##...#
####+##..# ###...+
###+###....##..# #...#
#..............# +...#
+...o@..>.....†# ###
###'######'##.†#
#...####..##†.#
#.........'...#
+.........#...#
#.........#...#
#.........#...#
##....###+##..# #....# #..#


You could see an orc warrior.

Vanquished Creatures
  Pikel (D:5)
  Prince Ribbit (D:5)
  An ice beast (D:6)
  4 slaves
  An ogre (D:4)
  A scorpion (D:5)
  A crimson imp (D:5)
  A hound (D:5)
  An iguana (D:4)
  An orc wizard (D:3)
  Natasha (twice) (D:4)
  4 worker ants
  Robin (D:3)
  7 adders
  4 gnolls (D:4)
  4 worms
  A giant gecko (D:4)
  An ooze (D:3)
  17 orcs
  12 bats
  4 giant cockroaches
  15 hobgoblins
  10 jackals
  5 quokkas
  2 giant newts
  19 goblins
  10 kobolds
  A quokka zombie (D:5)
  9 rats
141 creatures vanquished.

Vanquished Creatures (others)
  A bat (D:3)
1 creature vanquished.

Grand Total: 142 creatures vanquished

Notes
Turn   | Place    | Note
--------------------------------------------------------------
     0 | D:1      | talesvin, the Minotaur Fighter, began the quest for the Orb.
     0 | D:1      | Reached XP level 1. HP: 19/19 MP: 1/1
   234 | D:1      | Reached XP level 2. HP: 25/27 MP: 1/1
   237 | D:1      | hi
   928 | D:1      | Reached skill level 4 in Fighting
  1328 | D:2      | Reached XP level 3. HP: 25/33 MP: 2/2
  1783 | D:3      | Reached skill level 1 in Dodging
  1783 | D:3      | Reached XP level 4. HP: 34/41 MP: 2/2
  1830 | D:4      | Noticed Natasha
  1846 | D:4      | Killed Natasha
  1857 | D:4      | Noticed an ogre
  1867 | D:4      | Killed an ogre
  1867 | D:4      | Reached XP level 5. HP: 19/47 MP: 2/2
  2057 | D:3      | Noticed Robin
  2066 | D:3      | Reached skill level 5 in Shields
  2075 | D:3      | Killed Robin
  2234 | D:3      | Reached XP level 6. HP: 53/53 MP: 3/3
  2616 | D:3      | Found a stormy altar of Qazlal.
  3167 | D:4      | Reached skill level 5 in Fighting
  3210 | D:5      | Entered Level 5 of the Dungeon
  3421 | D:4      | Reached skill level 5 in Armour
  3696 | D:4      | Noticed Natasha
  3702 | D:4      | Killed Natasha
  3822 | D:5      | Noticed Pikel
  3858 | D:5      | Killed Pikel
  3858 | D:5      | Reached skill level 5 in Axes
  3858 | D:5      | Reached skill level 7 in Shields
  3858 | D:5      | Reached XP level 7. HP: 56/62 MP: 3/3
  3972 | D:5      | Reached XP level 8. HP: 68/70 MP: 3/3
  4042 | D:5      | Reached skill level 1 in Throwing
  4112 | D:5      | Noticed Prince Ribbit
  4125 | D:5      | Killed Prince Ribbit
  4423 | D:6      | Found a radiant altar of Vehumet.
  4452 | D:5      | Slain by an orc warrior

Action                   |  1- 3 |  4- 6 |  7- 9 || total
-------------------------+-------+-------+-------++-------
Melee: War axe           |   102 |   246 |    68 ||   416
       Mace              |     6 |       |       ||     6
Throw: Javelin           |       |     1 |     8 ||     9
  Use: Scroll            |     6 |     3 |       ||     9
       Potion            |       |     4 |     4 ||     8
  Eat: Pizza             |     1 |       |       ||     1
       Meat ration       |     1 |       |     1 ||     2
       Bread ration      |       |     1 |       ||     1
